 Dungeon Crawl Stone Soup version 0.20-a0-471-g521e6c5 (webtiles) character file.

2705 Infinimo the Slicer (level 9, -6/39 HPs)
             Began as a Spriggan Enchanter on Dec 14, 2016.
             Was an Initiate of Dithmenos.
             Mangled by a two-headed ogre
             ... wielding a +0 giant club
              (17 damage)
             ... on level 8 of the Dungeon on Jan 14, 2017.
             The game lasted 00:26:59 (8072 turns).

Infinimo the Slicer (Spriggan Enchanter)            Turns: 8072, Time: 00:26:59

Health: -6/39      AC:  8    Str:  6    XL:     9   Next: 39%
Magic:  6/19       EV: 23    Int: 17    God:    Dithmenos [......]
Gold:   321        SH:  0    Dex: 17    Spells: 11/20 levels left

rFire  . . .     SeeInvis +     k - +2 dagger (speed)
rCold  . . .     Gourm    .     b - +2 robe
rNeg   . . .     Faith    .     (shield restricted)
rPois  +         Spirit   .     (helmet restricted)
rElec  .         Reflect  .     z - +2 cloak
rCorr  .         Harm     .     (gloves unavailable)
MR     +....                    (boots unavailable)
Stlth  +++.......               y - amulet of regeneration
                                n - ring of poison resistance
                                A - +1 ring of protection

@: very quick
A: unfitting armour, see invisible, herbivore 3, speed 3, slow metabolism 2
a: Renounce Religion


You were on level 8 of the Dungeon.
You worshipped Dithmenos.
Dithmenos was noncommittal.
You were not hungry.

You visited 2 branches of the dungeon, and saw 9 of its levels.
You also visited: Sewer.

You collected 321 gold pieces.

Inventory:

Hand Weapons
 k - a +2 dagger of speed (weapon)
Armour
 b - a +2 robe (worn)
 z - a +2 cloak (worn)
Jewellery
 e - an uncursed ring of positive energy
 n - a ring of poison resistance (right hand)
 r - an uncursed ring of fire
 y - an amulet of regeneration (around neck)
 A - a +1 ring of protection (left hand)
 I - a +4 ring of strength {unknown}
Wands
 t - a wand of iceblast (9/15)
 v - a wand of digging (19/24)
 G - a wand of flame (19/48)
Scrolls
 a - 5 scrolls of fog
 l - 8 scrolls of identify
 B - a scroll of enchant armour
 C - 3 scrolls of remove curse
 E - a scroll of recharging {unknown}
 H - 2 scrolls of magic mapping {unknown}
Potions
 f - 2 potions of curing
 g - 2 potions of heal wounds
 h - 3 potions of flight {unknown}
 i - a potion of resistance
 m - 3 potions of brilliance {unknown}
 o - 3 potions of mutation {unknown}
 p - 2 potions of agility {unknown}
 q - a potion of degeneration {unknown}
 s - 2 potions of ambrosia {unknown}
 u - a potion of beneficial mutation {unknown}
 w - 4 potions of haste {unknown}
 x - 2 potions of magic {unknown}
 F - a potion of lignification {unknown}
Books
 c - a book of Maledictions

   Spells                             Type                      Level
   a - Corona                         Hexes                        1
   b - Ensorcelled Hibernation        Hexes/Ice                    2
   c - Confuse                        Hexes                        3
   d - Tukima's Dance                 Hexes                        3
   e - Dazzling Spray                 Conjuration/Hexes            3
Comestibles
 d - 10 bread rations
 j - a royal jelly
 D - 3 fruits


   Skills:
 - Level 10.0 Short Blades
 - Level 7.2 Dodging
 + Level 6.0 Stealth
 - Level 6.4 Spellcasting
 - Level 7.5 Hexes


You had 11 spell levels left.
You knew the following spells:

 Your Spells              Type           Power        Failure   Level  Hunger
a - Corona                Hex            ####...      1%          1    None
b - Ensorcelled Hibernat  Hex/Ice        ###...       4%          2    None
c - Confuse               Hex            ####....     1%          3    ##.....
d - Tukima's Dance        Hex            ####....     1%          3    ##.....


Dungeon Overview and Level Annotations

Branches:
Dungeon (8/15)             Temple (1/1) D:7
   Lair: D:8-11

Altars:
Ashenzari
Cheibriados
Dithmenos
Elyvilon
Fedhas
Gozag
Hepliaklqana
Kikubaaqudgha
Makhleb
Nemelex Xobeh
Okawaru
Qazlal
Ru
Sif Muna
Trog
Uskayaw
Vehumet
Xom
Yredelemnul
Zin
The Shining One

Shops:
D:7 (


Innate Abilities, Weirdness & Mutations

You are very small and have problems with some larger weapons.
You are too small for most types of armour.
You have supernaturally acute eyesight. (SInv)
You are a herbivore.
You cover ground extremely quickly.
You need consume almost no food.


Message History

Casting: Ensorcelled Hibernation
Confirm with . or Enter, or press ? or * to list all spells.
Aiming: Ensorcelled Hibernation
Press: ? - help, Shift-Dir - straight line, f/p - two-headed ogre
Aim: a two-headed ogre, wielding two giant clubs (chance to defeat MR: 31%)
The two-headed ogre easily resists.
Casting: Ensorcelled Hibernation
Confirm with . or Enter, or press ? or * to list all spells.
Aiming: Ensorcelled Hibernation
Press: ? - help, Shift-Dir - straight line, f/p - two-headed ogre
Aim: a two-headed ogre, wielding two giant clubs (chance to defeat MR: 31%)
The two-headed ogre easily resists.
Casting: Ensorcelled Hibernation
Confirm with . or Enter, or press ? or * to list all spells.
Aiming: Ensorcelled Hibernation
Press: ? - help, Shift-Dir - straight line, f/p - two-headed ogre
Aim: a two-headed ogre, wielding two giant clubs (chance to defeat MR: 31%)
The two-headed ogre easily resists.
The two-headed ogre hits you with a giant club!
You die...

## ### #.## ###.##
#..####....# ###..##....##
#!.........##
##...........##
#.............##
#..............##
#.@.............#
##..O............#
#...............##
#..............## ## ####
#..............# #.
##..###### ##............##
##. ##........##
##..........## #..
##.......)..## #..........##
#(>
.............####..........#
#..


You could see a two-headed ogre.

Vanquished Creatures
  Joseph (D:7)
  Sigmund (D:3)
  The ghost of Somebody the Cudgeler, an amateur NaBe of Trog (D:3)
  2 ice beasts (D:8)
  A black bear (D:6)
  3 centaurs
  6 big kobolds (Sewer)
  5 killer bees (D:7)
  A howler monkey (D:6)
  2 crimson imps (D:6)
  2 hounds
  2 jellies
  A bullfrog skeleton (D:7)
  3 orc wizards
  Crazy Yiuf (D:2)
  3 orc priests (D:4)
  Jessica (D:3)
  A centaur skeleton (D:5)
  Ijyb (D:3)
  Natasha (thrice) (D:2)
  2 iguanas (D:4)
  Robin (D:3)
  3 gnolls (D:5)
  6 river rats
  12 adders
  A shadow imp (D:5)
  3 oozes
  An adder skeleton (D:7)
  8 worms
  5 leopard geckos
  11 orcs
  5 ball pythons
  9 bats
  5 giant cockroaches
  12 goblins
  10 hobgoblins
  5 kobolds
  6 frilled lizards
  A jackal skeleton (D:5)
  9 rats
156 creatures vanquished.

Notes
Turn   | Place    | Note
-------+----------+-------------------------------------------
     0 | D:1      | Infinimo the Spriggan Enchanter began the quest for the Orb.
     0 | D:1      | Reached XP level 1. HP: 9/9 MP: 5/5
   322 | D:1      | Reached skill level 2 in Short Blades
   509 | D:1      | Reached XP level 2. HP: 12/13 MP: 6/6
   524 | D:1      | Learned a level 2 spell: Ensorcelled Hibernation
   755 | D:2      | Found a runed door.
   799 | D:2      | Reached skill level 3 in Short Blades
   976 | D:2      | Noticed Natasha
   982 | D:2      | Killed Natasha
   982 | D:2      | Reached XP level 3. HP: 16/16 MP: 6/8
  1020 | D:2      | Reached skill level 4 in Short Blades
  1648 | D:2      | Noticed Natasha
  1657 | D:2      | Killed Natasha
  1657 | D:2      | Reached XP level 4. HP: 17/21 MP: 2/9
  1914 | D:2      | Noticed Crazy Yiuf
  1918 | D:2      | Killed Crazy Yiuf
  1918 | D:2      | Reached skill level 5 in Short Blades
  1945 | D:2      | Upgraded the game from 0.20-a0-286-gae82e34 to 0.20-a0-471-g521e6c5
  1951 | D:2      | Noticed Natasha
  1966 | D:2      | Killed Natasha
  1966 | D:2      | Reached XP level 5. HP: 23/24 MP: 6/10
  1995 | D:3      | Noticed Sigmund
  1999 | D:3      | Killed Sigmund
  1999 | D:3      | Reached XP level 6. HP: 28/28 MP: 8/11
  2088 | D:3      | Noticed Ijyb
  2115 | D:3      | Killed Ijyb
  2244 | D:3      | Learned a level 3 spell: Confuse
  2248 | D:3      | Learned a level 3 spell: Tukima's Dance
  2279 | D:3      | Noticed Somebody's ghost (amateur NaBe)
  2306 | D:3      | Killed Somebody's ghost
  2463 | D:3      | Noticed Robin
  2606 | D:3      | Noticed Jessica
  2708 | D:3      | Killed Robin
  2732 | D:3      | Killed Jessica
  3230 | D:4      | Reached XP level 7. HP: 32/32 MP: 9/12
  4074 | D:4      | Found a blossoming altar of Fedhas.
  4191 | D:4      | Reached skill level 5 in Spellcasting
  4294 | D:5      | Entered Level 5 of the Dungeon
  4297 | D:5      | Found a glowing drain.
  4358 | Sewer    | Entered a sewer
  4625 | Sewer    | Reached XP level 8. HP: 36/36 MP: 14/18
  4691 | Sewer    | Reached skill level 5 in Dodging
  5239 | D:5      | Reached skill level 6 in Short Blades
  5808 | D:6      | Reached skill level 7 in Short Blades
  6213 | D:6      | Reached skill level 8 in Short Blades
  6873 | D:7      | Found a staircase to the Ecumenical Temple.
  6887 | Temple   | Entered the Ecumenical Temple
  7117 | Temple   | Became a worshipper of Dithmenos the Shadowed
  7185 | D:7      | Noticed Joseph
  7207 | D:7      | Killed Joseph
  7207 | D:7      | Reached skill level 9 in Short Blades
  7207 | D:7      | Reached XP level 9. HP: 39/39 MP: 3/19
  7611 | D:7      | Found Ytzegesu's Antique Weapon Shop.
  7794 | D:7      | Reached skill level 10 in Short Blades
  7835 | D:8      | Reached skill level 5 in Stealth
  8038 | D:8      | Noticed a two-headed ogre
  8072 | D:8      | Mangled by a two-headed ogre

Vault maps used:
D:1:      lemuel_arrival_behind_the_door_large, fountainhead,
          minmay_misc_feat_rows, minivault_24, corexii_item_surrounded_by_moat,
          minmay_curled_crystal, minmay_crystal_room, minmay_pentomino_v2
D:2:      first_bread, serial_bayou_pond_e, uniq_crazy_yiuf_cottage,
          uniq_natasha
D:3:      uniq_robin, uniq_jessica, uniq_iyjb, uniq_sigmund
D:4:      fedhas_altar_3
D:5:      portal_sewer_entry_a, grunt_ministairs_15
D:6:      minmay_hedge_maze
D:7:      serial_shops, nicolae_shop_competitors_out_of_business, uniq_joseph
D:8:      erik_lair_orcish_takeover, doesnt_xom_only_xom
Temple:   kilobyte_greek_temple
Sewer:    sewer_co_tree

Skill      XL: |  1  2  3  4  5  6  7  8  9 |
---------------+----------------------------+-----
Short Blades   | 2 3 4 5 9 10 | 10.0
Hexes          | 4 6 7 |  7.5
Spellcasting   | 3 6 |  6.4
Dodging        | 4 7 |  7.2
Stealth        | 6 |  6.0

Action                   |  1- 3 |  4- 6 |  7- 9 || total
-------------------------+-------+-------+-------++-------
Melee: Dagger            |    49 |    95 |   227 ||   371
 Cast: Corona            |     2 |       |       ||     2
       Ensorcelled Hiber |    18 |    33 |   114 ||   165
       Confuse           |       |     2 |     6 ||     8
  Use: Scroll            |       |     8 |     4 ||    12
 Stab: Sleeping          |    25 |    25 |    71 ||   121
       Confused          |       |     2 |     3 ||     5
  Eat: Bread ration      |       |     1 |       ||     1
       Pizza             |       |     1 |       ||     1
       Fruit             |       |       |     1 ||     1
Armor: Robe              |     6 |     8 |    22 ||    36
Dodge: Dodged            |    31 |    52 |   148 ||   231
